 Dungeon Crawl Stone Soup version 0.29-a0-1047-g7c58e119a4 (webtiles) character file.

Game seed: 16967253783916313784

106 nickcage the Poker (level 4, -2/33 HPs)
             Began as a Merfolk Gladiator on Aug 16, 2022.
             Slain by Edmund
             ... wielding a +1 flail of protection
              (11 damage)
             ... on level 4 of the Dungeon.
             The game lasted 00:04:51 (2803 turns).

nickcage the Poker (Merfolk Gladiator)              Turns: 2803, Time: 00:04:52

Health: -2/33      AC:  6    Str: 16    XL:     4   Next: 84%
Magic:  4/4        EV: 16    Int:  7    God:
Gold:   174        SH:  0    Dex: 15    Spells: 3/3 levels left

rFire   . . .      SeeInvis .   a - +0 trident
rCold   . . .      Faith    .   (no shield)
rNeg    . . .      Spirit   .   f - +0 ring mail
rPois   .          Reflect  .   c - +0 helmet
rElec   .          Harm     .   (no cloak)
rCorr   .          Rampage  .   (no gloves)
Will    .....                   (no boots)
Stlth   +.........              (no amulet)
HPRegen 0.11/turn               n - +4 ring of evasion
MPRegen 0.09/turn               (no ring)

@: lethally poisoned (-2 -> -8)
A: (nimble swimmer 2), mertail
a: no special abilities


You were on level 4 of the Dungeon.
You visited 1 branch of the dungeon, and saw 4 of its levels.

You collected 174 gold pieces.

Inventory:

Hand Weapons
 a - a +0 trident (weapon)
Missiles
 d - 3 throwing nets
 e - a javelin
 t - 2 boomerangs (quivered)
Armour
 b - a +0 leather armour
 c - a +0 helmet (worn)
 f - a +0 ring mail (worn)
Jewellery
 i - a ring of wizardry
 n - a +4 ring of evasion (left hand)
 q - a ring of ice
Scrolls
 h - 2 scrolls of enchant armour {unknown}
 r - a scroll of fog {unknown}
 s - a scroll of vulnerability {unknown}
Potions
 g - a potion of attraction {unknown}
 j - 3 potions of degeneration {unknown}
 k - a potion of curing
 l - 2 potions of haste {unknown}
 m - 2 potions of resistance {unknown}
 o - a potion of invisibility {unknown}
 p - a potion of ambrosia {unknown}


   Skills:
 - Level 2.1 Fighting
 + Level 7.1 Polearms
 - Level 2.0 Throwing
 - Level 4.0 Dodging


You had 3 spell levels left.
You didn't know any spells.
Your spell library contained the following spells:

 Spells                   Type           Power      Damage    Failure   Level
 Magic Dart               Conj           0%         1d3       65%         1
 Call Imp                 Summ           0%         N/A       80%         2
 Call Canine Familiar     Summ           0%         N/A       95%         3
 Mephitic Cloud           Conj/Pois/Air  0%         N/A       95%         3
 Portal Projectile        Hex/Tloc       0%         N/A       95%         3
 Leda's Liquefaction      Hex/Erth       0%         N/A       100%        4


Dungeon Overview and Level Annotations

Branches:
Dungeon (4/15)
 Temple: D:4-7

Altars:
Uskayaw

Annotations:
D:4 Edmund


Innate Abilities, Weirdness & Mutations

((You are very nimble when in or above water. (Stealth+, EV+, Speed+++)))
Your lower body shifts to a powerful aquatic tail in water.


Message History

Edmund is severely wounded.
Edmund drinks a potion.
Edmund is healed!
You hit Edmund but do no damage.
Edmund is heavily wounded.
Edmund closely misses you.
You hit Edmund but do no damage.
Edmund is heavily wounded.
Edmund barely misses you.
You completely miss Edmund.
Edmund is heavily wounded.
Edmund hits you with a +1 flail of protection.
You barely miss Edmund.
Edmund is heavily wounded.
The adder barely misses you. Edmund closely misses you.
You closely miss Edmund.
Edmund is heavily wounded.
The adder bites you. Edmund hits you but does no damage.
The adder closely misses you.
You hit Edmund but do no damage.
Edmund is heavily wounded.
Edmund barely misses you. The adder bites you but does no damage.
You hit Edmund but do no damage.
Edmund is heavily wounded.
The adder completely misses you.
Edmund hits you with a +1 flail of protection.
You hit Edmund but do no damage.
Edmund is heavily wounded.
The adder closely misses you. Edmund closely misses you.
You barely miss Edmund.
Edmund is heavily wounded.
The adder bites you.
You are poisoned.
The adder poisons you!
Edmund hits you with a +1 flail of protection!
The adder closely misses you.
You hit Edmund.
Edmund is severely wounded.
You feel sick.
Edmund hits you with a +1 flail of protection!
You die...

.. #. #### ....#.
#... ....#. #...
....#.###### #...
...†......#####
#... ###
#.......#...# #.
....#.......'...#
#. #...S..###...#
#. #...@..# #.###
## #..@...# #.#
######## #......#
#.###.....(#
........#
#...'......'
.....?....#
#####......#
......#####
######## ......
...... #####
#....


You could see Edmund and an adder.

Vanquished Creatures
  4 adders
  3 worms
  2 dart slugs
  2 orcs (D:3)
  3 endoplasms
  2 giant cockroaches
  5 goblins
  7 hobgoblins
  2 jackals (D:2)
  A quokka (D:3)
  4 ball pythons
  4 bats
  6 frilled lizards
  5 kobolds
  8 rats
  2 butterflies (D:1)
60 creatures vanquished.

Notes
Turn   | Place    | Note
-------+----------+-------------------------------------------
     0 | D:1      | nickcage the Merfolk Gladiator began the quest for the Orb.
     0 | D:1      | Reached XP level 1. HP: 16/16 MP: 1/1
   156 | D:1      | Reached XP level 2. HP: 22/22 MP: 2/2
   445 | D:1      | Reached skill level 5 in Polearms
   939 | D:2      | Reached XP level 3. HP: 25/27 MP: 3/3
  1219 | D:2      | Identified the +8 spear "Tysch" {protect, Dex+2}
  1721 | D:3      | Reached skill level 6 in Polearms
  1808 | D:3      | Found a hide-covered altar of Uskayaw.
  2229 | D:3      | Reached XP level 4. HP: 33/33 MP: 4/4
  2568 | D:3      | Reached skill level 7 in Polearms
  2785 | D:4      | Noticed Edmund
  2803 | D:4      | Slain by Edmund

Illustrated notes

Levels and vault maps discovered:
D:1:      spicycebolla_arrival_clurvy, layout_loops_ring
D:2:      layout_basic
D:3:      layout_basic, mainiacjoe_overflow_surrounded_room, minmay_vboxes
D:4:      layout_basic, amcnicky_mini_corridor_feature, uniq_edmund,
          uniq_sigmund

Skill      XL: |  1  2  3  4 |
---------------+-------------+-----
Polearms       | 5 6 7 |  7.1
Fighting       | |  2.1
Throwing       | |  2.0
Dodging        | |  4.0

Action                   |  1- 3 |  4- 6 || total
-------------------------+-------+-------++-------
Melee: Trident           |   135 |    84 ||   219
       Punch             |       |     1 ||     1
Throw: Boomerang         |       |    10 ||    10
Armor: Ring mail         |    21 |    14 ||    35
Dodge: Dodged            |    78 |    38 ||   116

Table legend: (Time is in decaauts)
 A = Elapsed time spent in this place.
 B = Non-inter-level travel time spent in this place.
 C = Inter-level travel time spent in this place.
 D = Time resting spent in this place.
 E = Time spent auto-exploring this place.
 F = Levels seen in this place.
 G = Mean time per level.
                   A        B        C        D        E       F      G
               +--------+--------+--------+--------+--------+-----+--------+
         Total |   2804 |   2638 |    166 |      0 |   2229 |   4 |  701.0 |
       Dungeon |   2804 |   2638 |    166 |      0 |   2229 |   4 |  701.0 |
               +--------+--------+--------+--------+--------+-----+--------+

Top non-repeatable levels by time:
     D:2: 1031 daAuts
     D:3: 1013 daAuts
     D:1: 643 daAuts
     D:4: 115 daAuts
